[Event "Late-Titled-Tuesday-Blitz-May-07-2024"]
[Site "Chess.com"]
[Date "2024.05.07"]
[Round "4"]
[White "Vazabanga"]
[Black "NajdorfPlayerc5"]
[Result "1-0"]
[WhiteElo "2686"]
[BlackElo "2428"]
[TimeControl "180+1"]
[EndTime "14:39:33 PDT"]
[Termination "Vazabanga won on time"]

1. d4 Nf6 2. c4 a6 3. g3 c5 4. Nf3 cxd4 5. Nxd4 e5 6. Nc2 Nc6 7. Bg2 Bc5 8. O-O O-O 9. Nc3 d6 10. Bg5 h6 11. Bxf6 Qxf6 12. b4 Bd4 13. Nxd4 Nxd4 14. e3 Nf5 15. Nd5 Qd8 16. Rc1 Be6 17. Qd3 Ne7 18. Rfd1 Bxd5 19. Bxd5 Qb6 20. a3 Rac8 21. Bg2 Rfd8 22. Rc2 Qc7 23. Rdc1 b6 24. h4 a5 25. Qb3 Qa7 26. h5 axb4 27. axb4 Kf8 28. Rd1 Qc7 29. Bh3 f5 30. Bf1 b5 31. c5 d5 32. Bxb5 Qb7 33. Be2 d4 34. b5 dxe3 35. Rxd8+ Rxd8 36. Qxe3 Nd5 37. Qxe5 Nf6 38. c6 Qb6 39. Qc5+ Qxc5 40.
Rxc5 Ke7 41. b6 Kd6 42. c7 Rc8 43. Rc2 Nd7 44. b7 Rxc7 45. Rd2+ Ke6 46. Rxd7 Rxd7 47. b8=Q 1-0

[Event "Late-Titled-Tuesday-Blitz-May-07-2024"]
[Site "Chess.com"]
[Date "2024.05.07"]
[Round "4"]
[White "baki83"]
[Black "Revan_2002"]
[Result "1-0"]
[WhiteElo "2931"]
[BlackElo "2727"]
[TimeControl "180+1"]
[EndTime "14:39:34 PDT"]
[Termination "baki83 won on time"]

1. e4 e5 2. Nf3 Nc6 3. Bb5 a6 4.
Ba4 d6 5. O-O Bd7 6. c3 Nf6 7.
Re1 g6 8. d4 Bg7 9. Nbd2 O-O 10. Nf1 Re8 11. Ng3 a5 12. h3 h6 13. Bc2 a4 14. Be3 a3 15. b3 b5 16. Qd2 Qb8 17.
Bxh6 b4 18. Bxg7 Kxg7 19. dxe5 dxe5 20. Nf5+ Bxf5 21. exf5 e4 22. Nd4 bxc3 23. Qxc3 Nxd4 24. Qxd4 Qb6 25. Qxb6 cxb6 26. fxg6 fxg6 27. Rad1 Rac8 28.
Rd2 b5 29. b4 Rc4 30. Re3 Rec8 31. Bd1 Rc3 32. Be2 Rxe3 33. fxe3 Rc1+ 34. Kf2 Rb1 35.
Bxb5 Rxb4 36. Bc6 g5 37. Ke2 Rb2 38. Kd1 Rb1+ 39. Ke2 Kg6 40. Rc2 g4 41. hxg4 Kg5 42.
Kd2 Kxg4 43. Kc3 Kf5 44. Kc4 Ke5 45. Rc3 Ng4 46. Rxa3 Re1 47. Ra5+ Kd6 48. Bxe4 Rxe3 49. Kd4 Re2 50. Ra6+ Kc7 51. Bf3 Rd2+ 52. Kc3 1-0

[Event "Late-Titled-Tuesday-Blitz-May-07-2024"]
[Site "Chess.com"]
[Date "2024.05.07"]
[Round "4"]
[White "Andrii_Prydun"]
[Black "Statham_01"]
[Result "1-0"]
[WhiteElo "2428"]
[BlackElo "2627"]
[TimeControl "180+1"]
[EndTime "14:39:34 PDT"]
[Termination "Andrii_Prydun won on time"]

1. e4 e5 2. Bc4 Nf6 3. d3 c6 4. Nf3 d5 5. Bb3 dxe4 6. Ng5 Be6 7. Bxe6 fxe6 8. Nxe4 Nxe4 9. dxe4 Qxd1+ 10. Kxd1 Nd7 11. Be3 O-O-O 12. Nd2 Bc5 13. Ke2 Rhf8 14. Rhf1 h5 15.
Rad1 Bxe3 16. Kxe3 Nb6 17. b3 h4 18. Nf3 h3 19. g3 Nd7 20. Ng5 Nf6 21. f3 Rde8 22.
Rd6 Ng4+ 23. Ke2 Nf6 24. Nxe6 Rg8 25. Ng5 Kc7 26. Rfd1 a5 27. Ne6+ Kb6 28. Nxg7 Ref8 29. Ne6 Rf7 30. a4 Nh5 31. Kf2 Nf6 32. Rd8 Nxe4+ 33.
Ke3 Nc3 34. R1d3 e4 35. Rxg8 exd3 36. cxd3 Nd5+ 37. Kf2 Nb4 38. Nf4 Rd7 39. Nxh3 Rh7 40. Nf4 Rxh2+ 41. Ke3 1-0

[Event "Late-Titled-Tuesday-Blitz-May-07-2024"]
[Site "Chess.com"]
[Date "2024.05.07"]
[Round "4"]
[White "nindjaxx8"]
[Black "Assumpcaos"]
[Result "0-1"]
[WhiteElo "2632"]
[BlackElo "2217"]
[TimeControl "180+1"]
[EndTime "14:39:36 PDT"]
[Termination "Assumpcaos won by checkmate"]

1. d4 Nf6 2. c4 g6 3. Nc3 Bg7 4. e4 d6 5. Be2 O-O 6. Be3 e5 7. d5 a5 8. g4 Na6 9. h4 Nc5 10. f3 b6 11. h5 Ne8 12. Qd2 f5 13. hxg6 hxg6 14. gxf5 gxf5 15. Bg5 Bf6 16. Bxf6 Qxf6 17. O-O-O fxe4 18. fxe4 Qf4 19. Nf3 Qxd2+ 20. Kxd2 Nf6 21. Rdg1+ Kf7 22. Ng5+ Ke7 23. Ke3 Bd7 24. Nh7 Nxh7 25.
Rxh7+ Rf7 26. Rgg7 Rf8 27. Bh5 Rxg7 28. Rxg7+ Kd8 29.
a3 a4 30. Na2 Rh8 31. Bf3 Rh2 32.
Nb4 Rxb2 33. Bg4 Bxg4 34. Rxg4 Rb3+ 35. Ke2 Rxa3 36. Nc6+ Ke8 37. Rg8+ Kf7 38. Rc8 Nxe4 39. Rxc7+ Kf6 40. Nd8 Rc3 41. Rf7+ Kg6 42. Ra7 a3 43. Ne6 Kf5 44. Rf7+ Kg4 45. Ra7 Nc5 46. Nf8 Kf5 47. Kf2 e4 48. Rf7+ Ke5 49. Ne6 Nxe6 50. Re7 Kf4 51.
Rxe6 Rc2+ 52. Ke1 a2 53. Rf6+ Ke3 54. Kd1 Rd2+ 55. Ke1 a1=Q# 0-1

[Event "Late-Titled-Tuesday-Blitz-May-07-2024"]
[Site "Chess.com"]
[Date "2024.05.07"]
[Round "4"]
[White "Chessdreamer2020"]
[Black "besarquis"]
[Result "1-0"]
[WhiteElo "2512"]
[BlackElo "2272"]
[TimeControl "180+1"]
[EndTime "14:39:36 PDT"]
[Termination "Chessdreamer2020 won on time"]

1. e4 e5 2. Nf3 Nc6 3. Bc4 Nf6 4. d4 Nxd4 5. Bxf7+ Kxf7 6. Nxe5+ Ke8 7. Qxd4 d6 8.
Nf3 Be7 9. O-O Bg4 10. Nfd2 Qd7 11. f3 Be6 12. Nc3 b6 13. Nb3 Kd8 14. Bg5 Kc8 15. a4 h6 16. Be3 Kb7 17. a5 g5 18. a6+ Kc8 19. Nd5 Rf8 20. c4 Nh5 21. Qd2 Bd8 22.
Nd4 c6 23. Nxe6 Qxe6 24. Nb4 Kc7 25. Rac1 Bf6 26. Nd5+ Kd7 27. Rfd1 Be5 28. Nb4 Kc7 29. Nd3 Nf4 30. Bxf4 Bxf4 31. Nxf4 Rxf4 32. b4 Raf8 33. c5 dxc5 34. bxc5 g4 35. cxb6+ axb6 36. fxg4 Rxe4 37. a7 Re2 38. Qd4 Re8 39. Rf1 Ra2 40. Qg7+ Re7 41. Qc3 Rxa7 42. Rf6 Qe3+ 43. Qxe3 Rxe3 44. Rfxc6+ Kd7 45. Rxb6 Ra2 46. Rd1+ Kc7 47. Rxh6 Ree2 48. Kh1 Rxg2 49.
Rg1 Rgf2 50. g5 1-0

[Event "Late-Titled-Tuesday-Blitz-May-07-2024"]
[Site "Chess.com"]
[Date "2024.05.07"]
[Round "4"]
[White "WindWhistler11"]
[Black "Reyson01"]
[Result "0-1"]
[WhiteElo "2532"]
[BlackElo "2452"]
[TimeControl "180+1"]
[EndTime "14:39:37 PDT"]
[Termination "Reyson01 won on time"]

1. Nf3 d5 2. c4 d4 3. g3 f6 4. e3 c5 5. exd4 cxd4 6. Bg2 Nc6 7.
d3 e5 8. O-O h5 9. h4 Nh6 10. Re1 Ng4 11. a3 a5 12. Nbd2 Be7 13. Rb1 a4 14. b4 axb3 15. Rxb3 O-O 16. Nh2 Bd6 17. Bf3 f5 18. Bd5+ Kh7 19. Ndf3 Qf6 20.
Bg5 Qg6 21. Bxc6 bxc6 22. Nxg4 fxg4 23. Nxe5 Qf5 24. Bf4 c5 25. Rb6 Bc7 26. Rg6 Bxe5 27. Rg5 Bxf4 28. Rxf5 Rxf5 29. gxf4 Rxf4 30. Qd2 Rf5 31. Re8 Rb8 32. Kh2 Kg6 33. a4 Kf7 34. Qe2 Rxf2+ 35. Qxf2+ Kxe8 36. Qe2+ Kf7 37. Qe5 Rb2+ 38.
Kg3 Be6 39. Qxc5 Rd2 40. Qxd4 Bf5 41. Qd5+ Kg6 42. Qd6+ Kh7 43. d4 Rd3+ 44. Kf4 Rf3+ 45. Kg5 g3 46. c5 g2 47. Qh2 Bh3 48. Qe5 g1=Q+ 0-1

[Event "Late-Titled-Tuesday-Blitz-May-07-2024"]
[Site "Chess.com"]
[Date "2024.05.07"]
[Round "4"]
[White "Arek_pacitan"]
[Black "Sinquefield"]
[Result "1-0"]
[WhiteElo "2726"]
[BlackElo "2533"]
[TimeControl "180+1"]
[EndTime "14:39:39 PDT"]
[Termination "Arek_pacitan won on time"]

1. d4 Nf6 2. c4 d6 3. Nc3 Nbd7 4. e4 e5 5. Nge2 Be7 6. f3 c6 7. Be3 a6 8. dxe5 dxe5 9. Ng3 Bc5 10. Qd2 Bxe3 11.
Qxe3 Qb6 12. Qxb6 Nxb6 13. c5 Nbd7 14. Na4 Nf8 15. Bc4 Be6 16. Bxe6 Nxe6 17. O-O-O g6 18.
b4 Ke7 19. Nb6 Rad8 20. Ne2 Rxd1+ 21. Rxd1 Rd8 22. Rxd8 Nxd8 23. Nc4 Nd7 24. Kc2 f6 25. Nd6 Ke6 26. Nc4 Nf7 27. Na5 Nd8 28. Nc4 Nf7 29. Nc1 f5 30. Nb3 Nf6 31. Kd3 Ne8 32. Nba5 Nd8 33.
Ke3 f4+ 34. Kd3 g5 35. Kc3 h5 36. h3 Kf6 37. Nb6 g4 38. hxg4 hxg4 39. Kd3 gxf3 40. gxf3 Ke6 41. Nbc4 Kf6 42. Ke2 Ke6 43. Kf2 Kf6 44.
Kg2 Ke6 45. Kh3 Kf6 46. Kg4 Ke6 47. Kg5 Nf7+ 48. Kg6 Nd8 49. a4 Nf6 50. Nd6 Ke7 51. Nac4 Ke6 52. Nf5 Nf7 53. Ng7+ Ke7 54. Nf5+ Ke6 55.
Ncd6 Nd8 56. Ng7+ Ke7 57. Ndf5+ Kf8 58. Kxf6 Nf7 59. Ne6+ Ke8 60. Nfg7+ Kd7 61. Kxf7 1-0

[Event "Late-Titled-Tuesday-Blitz-May-07-2024"]
[Site "Chess.com"]
[Date "2024.05.07"]
[Round "4"]
[White "picturesquecheck"]
[Black "Thjop"]
[Result "1-0"]
[WhiteElo "2456"]
[BlackElo "2602"]
[TimeControl "180+1"]
[EndTime "14:39:39 PDT"]
[Termination "picturesquecheck won by resignation"]

1. e4 e6 2. b3 d5 3. Bb2 dxe4 4. Nc3 Nf6 5. Qe2 Be7 6. O-O-O O-O 7. d3 exd3 8. Rxd3 Nbd7 9. g3 c6 10. Bg2 Qc7 11.
f4 b6 12. Nh3 Ba6 13. Rxd7 Nxd7 14. Qxa6 Rad8 15. Qe2 Bf6 16. Kb1 a5 17. g4 g6 18.
f5 exf5 19. gxf5 Nc5 20. fxg6 hxg6 21. Qf3 Bg7 22. Qxc6 Qxc6 23. Bxc6 Rd6 24. Bf3 Re8 25. Ng5 Ne6 26. Nce4 Rdd8 27. Bxg7 Kxg7 28. Nxe6+ Rxe6 29. h4 Rh8 30. a4 Re5 31. Kb2 Rf5 32. Be2 Rf4 33.
Nd6 Rhxh4 34. Rg1 Rh2 35. Bc4 Rff2 36. Bd3 Rd2 37. Kc3 Rdf2 38. Nc4 Rf6 39. Re1 g5 40.
Rg1 Kh6 41. Ne5 Kh5 42. Ng4 Rc6+ 43. Kb2 Rh4 44. Ne5 Rc7 45. Bc4 f6 46. Nf3 Rf4 47.
Rh1+ Kg4 48. Ne1 Kf5 49. Nd3 Rfxc4 50. bxc4 Rxc4 51. Kb3 Re4 52. c4 g4 53. Kc3 g3 54.
Rg1 Rg4 55. Ne1 Kf4 56. Kd3 f5 57. Ke2 Rg8 58. Ng2+ Kg4 59. Ne3+ Kh3 60. Nxf5 g2 61.
Ne3 Re8 62. Rxg2 Rc8 63. Kd3 Rc5 64. Rg6 1-0

[Event "Late-Titled-Tuesday-Blitz-May-07-2024"]
[Site "Chess.com"]
[Date "2024.05.07"]
[Round "4"]
[White "Mariia89"]
[Black "Charodej1"]
[Result "0-1"]
[WhiteElo "2220"]
[BlackElo "2417"]
[TimeControl "180+1"]
[EndTime "14:39:42 PDT"]
[Termination "Charodej1 won on time"]

1. d4 Nf6 2. Nf3 e6 3. Bg5 c5 4.
e3 h6 5. Bh4 Be7 6. Bd3 Nc6 7.
c3 b6 8. Nbd2 Bb7 9. O-O O-O 10.
Qe2 d6 11. e4 cxd4 12. cxd4 Nb4 13. Bb1 Ba6 14. Qe3 Bxf1 15. Nxf1 Re8 16. a3 Nc6 17. e5 Nd5 18. Qe4 g6 19. Bg3 dxe5 20.
dxe5 Qd7 21. h4 h5 22. Bc2 Rac8 23. Rd1 Red8 24. Bb1 Na5 25. Nd4 Nc4 26. Qe2 Nxa3 27. bxa3 Nc3 28. Qe1 Nxd1 29. Qxd1 Qxd4 30. Qe1 Qc3 31.
Qe4 Qc4 32. Qf3 Qc6 33. Qf4 Qc4 34. Qh6 Bf8 35. Qg5 Qc7 36. Bf4 Qe7 37. Qg3 Qxa3 38. Kh2 Qxg3+ 39. Nxg3 a5 40. Be4 a4 41. Bb7 Rc4 42.
Be3 Bc5 43. Bg5 Rb8 44. Bf3 a3 45. Be2 Rc2 46. Bd3 Rxf2 47. Bc4 a2 48. Ne4 a1=Q 49. Nxf2 Qxe5+ 0-1

[Event "Late-Titled-Tuesday-Blitz-May-07-2024"]
[Site "Chess.com"]
[Date "2024.05.07"]
[Round "4"]
[White "moro182"]
[Black "GM_dmitrij"]
[Result "1/2-1/2"]
[WhiteElo "2877"]
[BlackElo "3042"]
[TimeControl "180+1"]
[EndTime "14:39:43 PDT"]
[Termination "Game drawn by repetition"]

1. c4 e5 2. Nc3 Bb4 3. e3 Nf6 4. Nge2 O-O 5. a3 Be7 6. Qc2 c5 7. Ng3 Nc6 8. Bd3 d6 9. Nd5 g6 10. h4 h5 11. b3 Nh7 12. Bb2 Bg4 13. Nxe7+ Qxe7 14. f3 Be6 15. Nxh5 d5 16. cxd5 Bxd5 17. Ng3 Qe6 18. Bc4 Rad8 19. h5 g5 20. Ne4 b6 21.
g4 Na5 22. Bxd5 Qxd5 23. b4 Nc4 24. Bc3 cxb4 25. axb4 Rd7 26. O-O Nd6 27. Qa2 Qc6 28. Nxd6 Qxd6 29. Qb2 f5 30. Bxe5 Qe6 31. d4 fxg4 32. Qg2 Nf6 33. Bxf6 Qxe3+ 34. Qf2 Qxf2+ 35. Rxf2 Rxf6 36. fxg4 Rxf2 37. Kxf2 Rxd4 38. Rxa7 Rxg4 39. b5 Rb4 40. h6 Rxb5 41. Kg3 Rb4 42. Rb7 Kh8 43.
Rc7 b5 44. Rb7 g4 45. Kh4 g3+ 46. Kxg3 Rb1 47. Kg4 b4 48. Kg5 b3 49. Rb8+ Kh7 50.
Rb7+ Kh8 51. Kg6 Rg1+ 52. Kh5 Rb1 53. Kg5 b2 54. Rb8+ Kh7 55. Rb7+ Kg8 56. Rb8+ Kh7 57. Rb7+ Kh8 58. Rb8+ Kh7 1/2-1/2

[Event "Late-Titled-Tuesday-Blitz-May-07-2024"]
[Site "Chess.com"]
[Date "2024.05.07"]
[Round "4"]
[White "GMG"]
[Black "Pidzsy"]
[Result "1-0"]
[WhiteElo "2817"]
[BlackElo "2589"]
[TimeControl "180+1"]
[EndTime "14:39:44 PDT"]
[Termination "GMG won by resignation"]

1. d4 g6 2. e4 Bg7 3. Nf3 d6 4. Bc4 e6 5. O-O Ne7 6. Bb3 O-O 7. Qe2 Nd7 8. e5 d5 9. c3 c5 10. Bg5 h6 11. Bh4 Qe8 12. g4 b6 13. Re1 a5 14.
a4 Ba6 15. Qe3 Rc8 16. Na3 cxd4 17. cxd4 Nb8 18. Nd2 Nbc6 19. Ndb1 g5 20. Bg3 Nb4 21. Nc3 Nd3 22. Re2 Ng6 23. Nab5 Bxb5 24. Nxb5 Ndf4 25. Ree1 Qe7 26. Nd6 Rc7 27. Rac1 Rxc1 28. Rxc1 f6 29. exf6 Bxf6 30. Nb5 Qb4 31. Kf1 Bg7 32. Qc3 Qe7 33. Re1 Qf6 34. Qc6 h5 35. gxh5 Nh3 36. Qxe6+ Qxe6 37.
Rxe6 Ngf4 38. Rd6 Nxh5 39. Bxd5+ Kh8 40. f3 g4 41. Nc7 Nxg3+ 42. hxg3 gxf3 43. Ne6 Rc8 44. Rc6 Rxc6 45. Bxc6 Bf6 46. d5 Ng5 47. Nxg5 Bxg5 48.
d6 Kg7 49. d7 Kf8 50. Bxf3 Ke7 51. Bc6 Bf6 52. b3 Bg5 53. Bb5 Kd6 54. Ke2 Bd8 55.
Kf3 Ke5 56. Kg4 Be7 57. Kh5 Kf6 58. g4 Bd8 59. g5+ Kg7 60. Kg4 Be7 61. Kf5 Bd8 62. Bd3 Be7 63. g6 Bd8 64. Ke6 Kf8 65. Kd6 Kg7 66.
Kc6 Kf8 67. Kb7 Ke7 68. Kc8 1-0

[Event "Late-Titled-Tuesday-Blitz-May-07-2024"]
[Site "Chess.com"]
[Date "2024.05.07"]
[Round "4"]
[White "klimkoj"]
[Black "MarkusRagger"]
[Result "1-0"]
[WhiteElo "2951"]
[BlackElo "2795"]
[TimeControl "180+1"]
[EndTime "14:39:45 PDT"]
[Termination "klimkoj won by resignation"]

1. e4 e5 2. Nf3 Nc6 3. Bb5 a6 4. Ba4 Bc5 5. O-O Nge7 6. c3 Ba7 7.
d4 Ng6 8. Be3 O-O 9. Nbd2 exd4 10.
Nxd4 Nxd4 11. Bxd4 Bxd4 12. cxd4 d5 13. e5 Nf4 14. g3 Ne6 15. Nf3 f5 16. Bc2 c6 17. Qd2 Bd7 18. Rab1 Be8 19. Ne1 f4 20. Ng2 Qg5 21. Kh1 Bh5 22. Nh4 fxg3 23. Qxg5 Nxg5 24. hxg3 Ne6 25. f4 Nxd4 26. Bd3 Bg4 27. Kg2 Rae8 28.
b4 Nf5 29. Nxf5 Bxf5 30. Bxf5 Rxf5 31. g4 Rf7 32. Rbe1 Rfe7 33. g5 g6 34. Kg3 Rf7 35. Re2 Rf5 36. Rh1 Re7 37. Rhe1 Ref7 38. e6 Re7 39.
Re5 Rxe5 40. Rxe5 Kf8 41. Kg4 Rg7 42. f5 gxf5+ 43. Kxf5 Ke7 44. Re2 d4 45. Rd2 Rg8 46. Rxd4 Rf8+ 47. Ke5 Rf1 48. Rd7+ Ke8 49. Rxh7 Re1+ 50.
Kd6 Rd1+ 51. Kc7 Rd4 52. a3 a5 53. g6 axb4 54. g7 Rg4 55. axb4 c5 56. bxc5 b6 57.
cxb6 Rxg7+ 58. Rxg7 1-0

[Event "Late-Titled-Tuesday-Blitz-May-07-2024"]
[Site "Chess.com"]
[Date "2024.05.07"]
[Round "4"]
[White "Navyblue1"]
[Black "Akhayan"]
[Result "1-0"]
[WhiteElo "2239"]
[BlackElo "2410"]
[TimeControl "180+1"]
[EndTime "14:39:45 PDT"]
[Termination "Navyblue1 won on time"]

1. d4 Nf6 2. c4 g6 3. Nc3 d5 4.
Nf3 Bg7 5. Qb3 dxc4 6. Qxc4 O-O 7. Bf4 Bg4 8. Qxc7 Qxc7 9. Bxc7 Na6 10. Be5 Nb4 11.
Kd2 Rfd8 12. a3 Nc6 13. Bxf6 Bxf6 14. e3 e5 15. d5 e4 16. Nd4 Nxd4 17. exd4 Bxd4 18.
Nxe4 Bxb2 19. Rb1 Rxd5+ 20. Ke1 Re8 21. f3 Bc3+ 22. Kf2 Bd4+ 23. Kg3 Bf5 24. Bc4 Bxe4 25. fxe4 Rg5+ 26. Kf3 Bb6 27. Bd5 Rge5 28. Bxb7 f5 29.
Rhe1 fxe4+ 30. Rxe4 Rf8+ 31. Kg3 Rg5+ 32. Kh3 Rh5+ 33. Kg4 Rxh2 34. Bd5+ Kh8 35. Re7 Bd8 36. Rd7 Rh4+ 37. Kg3 Rh5 38. Rbb7 Bf6 39. Bf3 Be5+ 40. Kg4 Rh6 41. g3 Bf6 42. Bd5 Be5 43. Be4 Rh2 44.
Bd5 Bf6 45. Be4 Rh6 46. Bd5 a5 47. Be4 a4 48. Bc6 Rh2 49. Bxa4 h5+ 50. Kf3 Bg7+ 51. Ke4 Bf6 52. Bc6 Re2+ 53. Kd3 Re6 54. Rh7+ Kg8 55. Bd5 Rd8 56. Kc4 1-0

[Event "Late-Titled-Tuesday-Blitz-May-07-2024"]
[Site "Chess.com"]
[Date "2024.05.07"]
[Round "4"]
[White "Msb2"]
[Black "Byniolus"]
[Result "0-1"]
[WhiteElo "3031"]
[BlackElo "2833"]
[TimeControl "180+1"]
[EndTime "14:39:46 PDT"]
[Termination "Byniolus won by checkmate"]

1. d4 d6 2. Nf3 Bg4 3. e4 Nf6 4. Nc3 e6 5. h3 Bh5 6. Qe2 c6 7. g4 Bg6 8. h4 h5 9. g5 Nfd7 10. d5 cxd5 11. exd5 e5 12. Be3 Be7 13. Bh3 O-O 14. Nd2 Na6 15. Nde4 Nac5 16. Bxc5 Nxc5 17. Nxc5 dxc5 18. Rd1 Bd6 19. Ne4 Bxe4 20. Qxe4 g6 21. O-O Qb6 22. b3 a5 23. a4 Qb4 24. Qc4 Rad8 25.
Kg2 Kg7 26. Rfe1 f6 27. gxf6+ Rxf6 28. Qxb4 cxb4 29. Re4 Rdf8 30. Rf1 Rf4 31. f3 Rxe4 32. fxe4 Rxf1 33. Kxf1 Be7 34. d6 Bxh4 35. d7 Bd8 36. Kg2 Kf6 37. Kg3 Ke7 38. Kf3 Kd6 39. Kg3 Kc5 40. Be6 Kd4 41. Bf7 h4+ 42. Kf3 g5 43.
Be6 Kc3 44. Kg4 Kxc2 45. Kf3 Kd3 46. Bf5 b6 47. Bg4 Kd4 48. Be6 Kc5 49. Bc4 Kd4 50. Be6 b5 51. axb5 Kc5 52. Kg4 Kxb5 53. Kf5 h3 54.
Bc4+ Kc5 55. Bf1 h2 56. Bg2 a4 57. bxa4 b3 58. a5 Bxa5 59. Kxe5 b2 60. Kf5 b1=Q 61.
d8=Q Bxd8 62. Kg6 Qg1 63. Bh1 Qxh1 64. e5 Qe4+ 65. Kh5 h1=Q# 0-1

[Event "Late-Titled-Tuesday-Blitz-May-07-2024"]
[Site "Chess.com"]
[Date "2024.05.07"]
[Round "4"]
[White "GianmarcoVaR"]
[Black "BabageldiAnnaberdiyev"]
[Result "1-0"]
[WhiteElo "2763"]
[BlackElo "2570"]
[TimeControl "180+1"]
[EndTime "14:39:46 PDT"]
[Termination "GianmarcoVaR won on time"]

1. e4 e6 2. d4 d5 3. Nc3 Nf6 4. e5 Nfd7 5. f4 c5 6. Nf3 Nc6 7. Be3 a6 8. Qd2 b5 9. Qf2 Qb6 10. dxc5 Bxc5 11. Bxc5 Qxc5 12. Bd3 g6 13. Ne2 Qxf2+ 14.
Kxf2 h5 15. Nfd4 Bb7 16. Nxc6 Bxc6 17. Nd4 Rc8 18. a3 Nc5 19. Ke3 Ke7 20. b3 Bd7 21. g3 Rc7 22. h3 Rhc8 23. g4 hxg4 24. hxg4 Nxd3 25. cxd3 Rc3 26. b4 R8c4 27. Kd2 Rxd4 28.
Kxc3 Rxf4 29. Raf1 Rxg4 30. Rh7 Be8 31. Rhh1 d4+ 32.
Kb3 Bc6 33. Rh7 Be8 34. Rc1 Kd7 35. Re1 Rg3 36. Kc2 Rg2+ 37. Kc1 Rg3 38. Kd2 Rg5 39. Rh4 Ke7 40. Rxd4 Bc6 41. Rc1 Bd5 42. Rc7+ Kf8 43. Rf4 Rf5 44. Rxf5 exf5 45. Rc5 Bh1 46. d4 Ke7 47. d5 f4 48. Rc7+ Ke8 49. d6 g5 50.
Re7+ Kf8 51. e6 fxe6 52. Rxe6 Kf7 53. d7 Kxe6 54. d8=Q g4 55. Qc8+ 1-0

[Event "Late-Titled-Tuesday-Blitz-May-07-2024"]
[Site "Chess.com"]
[Date "2024.05.07"]
[Round "4"]
[White "KorolDimitriy75"]
[Black "KingCyber19"]
[Result "1/2-1/2"]
[WhiteElo "2396"]
[BlackElo "2574"]
[TimeControl "180+1"]
[EndTime "14:39:46 PDT"]
[Termination "Game drawn by repetition"]

1. d4 d5 2. c4 c6 3. Nc3 Nf6 4.
e3 e6 5. Nf3 Nbd7 6. Bd3 Bd6 7.
O-O O-O 8. e4 dxe4 9. Nxe4 Nxe4 10. Bxe4 h6 11. Qe2 Nf6 12. Bc2 b6 13. b3 c5 14. Bb2 Bb7 15. Rad1 Qe7 16. Ne5 cxd4 17. Bxd4 Rad8 18. h3 Bc5 19. Bc3 Ba8 20. Ng4 Nxg4 21. Qxg4 f5 22. Qg6 Qf7 23. Qxf7+ Kxf7 24. Be5 Bc6 25. Rxd8 Rxd8 26. Rd1 Rxd1+ 27. Bxd1 Be4 28. Bc3 a5 29. Kf1 Bb1 30. a4 Bd3+ 31. Ke1 Be4 32. f3 Bc6 33. Kd2 Bd7 34. Be2 g6 35. f4 Bd6 36. g3 Bc5 37. Bf3 Ke7 38. Ke2 h5 39. h4 Be8 40. Be5 Bd6 41. Bd4 Bc5 42. Be5 Bd7 43. Bg2 Bc8 44. Bf3 Kd8 45. Bc6 Bd7 46. Bf3 Ke7 47. Bb7 Bd6 48. Bd4 Bc7 49. Bf3 Bd8 50. Kd3 Bc7 51. Ke3 Bc8 52. Kd3 Kd7 53.
Ke3 Bd8 54. Kd3 Kc7 55. Be5+ Kd7 56. Bd4 Bc7 57. Ke3 Kd6 58. Be5+ Kd7 59. Bd4 1/2-1/2

[Event "Late-Titled-Tuesday-Blitz-May-07-2024"]
[Site "Chess.com"]
[Date "2024.05.07"]
[Round "4"]
[White "ExchangeAB"]
[Black "LeninGuerra"]
[Result "0-1"]
[WhiteElo "2422"]
[BlackElo "2660"]
[TimeControl "180+1"]
[EndTime "14:39:49 PDT"]
[Termination "LeninGuerra won by resignation"]

1. d4 Nf6 2. Nf3 e6 3. Bf4 c5 4.
e3 cxd4 5. exd4 Be7 6. c3 O-O 7. Bd3 a6 8. Nbd2 b5 9. a3 Bb7 10. O-O d6 11. Re1 Nbd7 12. Qe2 Re8 13. Bg3 Nf8 14.
Rad1 Rc8 15. Ne4 Qb6 16. Nxf6+ Bxf6 17. Be4 Bxe4 18. Qxe4 d5 19. Qg4 a5 20. Be5 Bxe5 21.
Nxe5 b4 22. axb4 axb4 23. Re3 f6 24. Nf3 bxc3 25. bxc3 Qb3 26. Rdd3 Rc6 27. h4 Rec8 28. Nd2 Qa3 29. Qg3 Qd6 30. Qxd6 Rxd6 31. g3 Kf7 32. Nb3 Nd7 33. Kg2 Rdc6 34. f4 Rb8 35.
Nd2 Rb2 36. Kh3 Nb6 37. h5 Na4 38. Nf3 Rc2 39. g4 R2xc3 40. Rxc3 Rxc3 41. Rxc3 Nxc3 42. g5 Ne2 43. gxf6 gxf6 44. Kg4 h6 45. f5 Nc3 46.
fxe6+ Kxe6 47. Kf4 Ne2+ 48. Kg4 f5+ 49. Kh3 Kf6 50.
Kg2 Nf4+ 51. Kg3 Nxh5+ 52. Kh4 Ng7 53. Kg3 Ne6 54. Kh4 f4 55. Kg4 h5+ 56. Kxh5 Kf5 57. Kh4 Ke4 58. Kg4 Nxd4 59. Ng5+ Ke3 60. Nh3 f3 61. Kg3 Ne2+ 62. Kg4 f2 63. Nxf2 Kxf2 64. Kf5 Ke3 65. Ke5 d4 0-1

[Event "Late-Titled-Tuesday-Blitz-May-07-2024"]
[Site "Chess.com"]
[Date "2024.05.07"]
[Round "4"]
[White "DominguezOnYoutube"]
[Black "Alex_Sahakyan2006"]
[Result "1-0"]
[WhiteElo "3004"]
[BlackElo "2856"]
[TimeControl "180+1"]
[EndTime "14:39:50 PDT"]
[Termination "DominguezOnYoutube won on time"]

1. e4 e5 2. Nf3 Nc6 3. Bb5 a6 4. Ba4 Nf6 5. O-O Nxe4 6. d4 b5 7. Bb3 d5 8. dxe5 Be6 9. c3 Bc5 10. Nbd2 O-O 11. Bc2 Nxf2 12. Rxf2 f6 13. Nf1 Bxf2+ 14.
Kxf2 fxe5 15. Kg1 Qd6 16. Be3 Bf5 17. Bb3 Rad8 18. Qe1 Na5 19. Qf2 Nb7 20. Re1 c5 21. Bg5 Rde8 22. Rxe5 Rxe5 23. Bf4 Be6 24. Nxe5 d4 25.
Ng6 Bxb3 26. Bxd6 Rxf2 27. Kxf2 Nxd6 28. axb3 dxc3 29. bxc3 hxg6 30. Ke3 Kf7 31. Nd2 Ke6 32. b4 Kd5 33. Kd3 cxb4 34. cxb4 Nf5 35. Nb3 Kc6 36. Ke4 Nd6+ 37. Kd4 Kb6 38. g4 Nc4 39. h4 a5 40.
bxa5+ Nxa5 41. Nd2 b4 42. Ke5 Kc5 43. Kf4 Kd4 44. Kg5 Kd3 45. Nb1 b3 46. Kxg6 Nc4 47. h5 Kc2 48. Kxg7 Kxb1 49. h6 b2 50. h7 Ka2 51.
h8=Q b1=Q 52. Qa8+ Na3 53. Qd5+ Ka1 54. g5 Qb2+ 55.
Kf7 Qf2+ 56. Ke6 Qg2 57. Qxg2 1-0

[Event "Late-Titled-Tuesday-Blitz-May-07-2024"]
[Site "Chess.com"]
[Date "2024.05.07"]
[Round "4"]
[White "Kiborg95"]
[Black "LikeWater"]
[Result "0-1"]
[WhiteElo "2819"]
[BlackElo "2689"]
[TimeControl "180+1"]
[EndTime "14:39:51 PDT"]
[Termination "LikeWater won by resignation"]

1. e4 e5 2. Nf3 d6 3. d4 exd4 4. Nxd4 Nf6 5. Nc3 Be7 6. g3 O-O 7. Bg2 c6 8. O-O Na6 9. h3 Nc5 10. g4 a5 11. a4 Re8 12. Nde2 Nfd7 13. f4 Bf8 14. b3 g6 15. Kh1 Qh4 16. Be3 Bg7 17.
Qxd6 Nxe4 18. Nxe4 Rxe4 19. Bf2 Qe7 20. Qxe7 Rxe7 21.
Rae1 Nf6 22. Nd4 Rxe1 23. Rxe1 Bd7 24. c4 Re8 25. Rxe8+ Nxe8 26. Ne2 Bf8 27. Bb6 Bb4 28. Nc1 Nd6 29. Nd3 Nc8 30. Bc7 Kf8 31.
Nxb4 axb4 32. Ba5 f5 33. Bxb4+ Kf7 34. g5 Be6 35. a5 Ke8 36. Bc5 Kd7 37. Kg1 Nd6 38. Kf1 Ne4 39. Bd4 Nd2+ 40. Ke2 Nxb3 41. Bb6 Bxc4+ 42. Ke3 Bd5 43. Bf1 Kd6 44. h4 c5 45. Bb5 Nd4 46. Bd3 Ne6 47. h5 c4 48.
Bc2 Nc5 49. h6 Bf7 50. Bd1 Kc6 51. Bf3+ Bd5 52. Bd1 Nb3 53. Bc2 Be6 54. Bd1 Kb5 55. Bf3 Nxa5 56. Bxa5 Kxa5 57. Bxb7 Kb4 58. Bc6 Bf7 59.
Kd4 c3 60. Kd3 Kb3 0-1

[Event "Late-Titled-Tuesday-Blitz-May-07-2024"]
[Site "Chess.com"]
[Date "2024.05.07"]
[Round "4"]
[White "stefy02"]
[Black "bazar-wokzal"]
[Result "0-1"]
[WhiteElo "2437"]
[BlackElo "2587"]
[TimeControl "180+1"]
[EndTime "14:39:51 PDT"]
[Termination "bazar-wokzal won by checkmate"]

1. d3 f5 2. Nd2 e5 3. g3 Nf6 4.
Bg2 d5 5. e3 c5 6. Ne2 Nc6 7. b3 Bd6 8. Bb2 Be6 9. h3 Qe7 10.
a3 O-O-O 11. c4 d4 12. e4 f4 13. gxf4 exf4 14. Qc2 g5 15. b4 cxb4 16. Nxd4 Nxd4 17.
Bxd4 bxa3 18. e5 Bf5 19. O-O Bxe5 20. Bxe5 Qxe5 21. Qb3 Qc7 22. Qxa3 Rxd3 23. Qxa7 Rxd2 24. Qa8+ Qb8 25. Bxb7+ Kd7 26. Qa4+ Ke6 27. Qb4 Rhd8 28. Rfe1+ Kf7 29. Qe7+ Kg6 30. Ra6 R2d6 31. Ra8 R8d7 32. Rxb8 Rxe7 33. Rxe7 Bxh3 34. Kh2 Bf5 35. Bf3 g4 36.
Be2 h5 37. Rbb7 h4 38. Rg7+ Kh6 39. Rbf7 g3+ 40. fxg3 hxg3+ 41. Kg2 Be4+ 42. Kf1 Bg6 43. Re7 Nh5 44. Rg8 Nf6 45. Rh8+ Kg5 46. Re5+ Bf5 47. Bf3 Rd2 48. Rf8 Rf2+ 49. Kg1 Rxf3 50. c5 Rc3 51.
Rc8 f3 52. c6 Rc1+ 53. Re1 Rxe1# 0-1